 Dungeon Crawl Stone Soup version 0.19.0-19-g8c6edcc (webtiles) character file.

117 nikopol the Skirmisher (level 5, -9/49 HPs)
             Began as a Gargoyle Berserker on Nov 14, 2016.
             Was a Believer of Trog.
             Mangled by a gnoll
             ... wielding a +0 halberd
              (10 damage)
             ... on level 2 of the Dungeon.
             The game lasted 00:03:26 (1755 turns).

nikopol the Skirmisher (Gargoyle Berserker)         Turns: 1755, Time: 00:03:27

Health: -9/49      AC: 11    Str: 26    XL:     5   Next: 1%
Magic:  5/5        EV: 11    Int:  7    God:    Trog [**....]
Gold:   86         SH:  0    Dex: 10    Spells: 0 memorised, 4 levels left

rFire  + . .     SeeInvis .     a - +0 hand axe
rCold  . . .     Gourm    .     l - +1 scale mail {rF+}
rNeg   + . .     Faith    .     (no shield)
rPois  ∞         Spirit   .     (no helmet)
rElec  +         Reflect  .     (no cloak)
rCorr  .         Harm     .     (no gloves)
MR     .....                    (no boots)
Stlth  ..........               (no amulet)
                                (no ring)
                                (no ring)

@: berserking, very quick
A: negative energy resistance 1, electricity resistance, unbreathing,
petrification resistance, rot immunity, AC +4
a: Berserk, Trog's Hand, Burn Spellbooks, Renounce Religion


You were on level 2 of the Dungeon.
You worshipped Trog.
Trog was pleased with you.
You were near starving.

You visited 1 branch of the dungeon, and saw 2 of its levels.

You collected 86 gold pieces.

Inventory:

Hand Weapons
 a - a +0 hand axe (weapon)
Missiles
 d - 37 arrows (quivered)
Armour
 b - a +0 animal skin
 k - a +0 chain mail
 l - a +1 scale mail of fire resistance (worn)
 n - a +4 scale mail
Jewellery
 e - a cursed amulet of inaccuracy {unknown}
 g - a +3 ring of protection {unknown}
Scrolls
 i - 2 scrolls of identify {unknown}
 j - a scroll of immolation {unknown}
Potions
 f - 4 potions of might {unknown}
 m - a potion of heal wounds {unknown}
 o - a potion of curing {unknown}
 q - a potion of degeneration {unknown}
Comestibles
 c - a bread ration
 h - a beef jerky
 p - a meat ration


   Skills:
 + Level 4.0 Fighting
 + Level 3.5 Axes
 + Level 3.2 Armour
 + Level 2.3 Dodging


You had 4 spell levels left.
You didn't know any spells.

Dungeon Overview and Level Annotations

Branches:
Dungeon (2/15)

Altars:


Innate Abilities, Weirdness & Mutations

You are resistant to torment.
Your stone body is resilient. (AC +4)
You are immune to poison.
You resist negative energy. (rN+)
You are resistant to electric shocks. (rElec)
You can survive without breathing.
You are immune to petrification.
You are immune to rotting.


Message History

You have reached level 5!
The gnoll closely misses you. The gnoll misses you.
The gnoll closely misses you. The gnoll hits you but does no damage.
Things that are here:
a club; a bat corpse You hit the gnoll.
The gnoll is lightly wounded.
You barely miss the gnoll. The gnoll hits you with a halberd!
* * * LOW HITPOINT WARNING * * *
The gnoll barely misses you.
You are too injured to fight recklessly!
You are too injured to fight recklessly!
You are too injured to fight recklessly!
You are too injured to fight recklessly!
A red film seems to cover your vision as you go berserk!
You feel yourself moving faster!
You feel mighty!
You are near starving!
The gnoll hits you with a halberd!
You die...

#......#########
#....... #.##.#.#
..[# #.#...).
#.##.#.#
###.............
#.##...#
......###.......
#.###..# .....#
#....... #.###..#
.....# #.......
#......# g....#
#.#.###.
#####.######g....#
#.... . #.##...@g#
#.##.###.# #.##.#
.# ###.##.# ..
#......# .##
#.#.##.# .#
#.#.##... .# #
#......###
####.### #.


You could see 2 gnolls and a hobgoblin.

Vanquished Creatures
  Jessica (D:2)
  Terence (D:2)
  A gnoll (D:2)
  2 oozes
  A worm (D:2)
  3 dart slugs (D:1)
  3 leopard geckos (D:1)
  7 bats
  2 giant cockroaches
  3 goblins
  5 hobgoblins
  A kobold (D:1)
  A quokka (D:2)
  A frilled lizard (D:1)
  4 rats
36 creatures vanquished.

Notes
Turn   | Place    | Note
-------+----------+-------------------------------------------
     0 | D:1      | nikopol the Gargoyle Berserker began the quest for the Orb.
     0 | D:1      | Reached XP level 1. HP: 14/14 MP: 1/1
    44 | D:1      | Reached XP level 2. HP: 18/19 MP: 2/2
   706 | D:1      | Reached XP level 3. HP: 20/23 MP: 3/3
  1188 | D:2      | Noticed Terence
  1197 | D:2      | Killed Terence
  1197 | D:2      | Reached ** piety under Trog
  1197 | D:2      | Reached XP level 4. HP: 29/29 MP: 4/4
  1263 | D:2      | Noticed Jessica
  1269 | D:2      | Killed Jessica
  1269 | D:2      | Reached skill level 4 in Fighting
  1694 | D:2      | Found a faded altar of an unknown god.
  1752 | D:2      | Reached XP level 5. HP: 10/33 MP: 5/5
  1754 | D:2      | HP: 1/33 [gnoll/halberd (9)]
  1755 | D:2      | Mangled by a gnoll

Skill      XL: |  1  2  3  4 |
---------------+-------------+-----
Axes           | 3 |  3.5
Armour         | 3 |  3.2
Dodging        | 2 |  2.3
Fighting       | 4 |  4.0

Action                   |  1- 3 |  4- 6 || total
-------------------------+-------+-------++-------
Melee: Hand axe          |    81 |    55 ||   136
Invok: Berserk           |     1 |     1 ||     2
  Eat: Chunk             |     1 |     2 ||     3
Armor: Animal skin       |    21 |       ||    21
       Chain mail        |     6 |       ||     6
       Scale mail        |       |    35 ||    35
Dodge: Dodged            |    56 |    43 ||    99
